 Dungeon Crawl Stone Soup version 0.23-a0-344-ge122d05652 (webtiles) character file.

125 Holzbalken the Cutter (level 4, -4/33 HPs)
             Began as a Vampire Gladiator on Oct 19, 2018.
             Slain by an orc
             ... wielding a +0 flail
              (9 damage)
             ... on level 4 of the Dungeon.
             The game lasted 00:08:40 (3925 turns).

Holzbalken the Cutter (Vampire Gladiator)           Turns: 3925, Time: 00:08:41

Health: -4/33      AC:  4    Str: 14    XL:     4   Next: 82%
Magic:  4/4        EV: 13    Int: 10    God:
Gold:   137        SH:  0    Dex: 15    Spells: 3/3 levels left

rFire    . . .     SeeInvis +   a - +0 rapier
rCold    + . .     Gourm    .   (no shield)
rNeg     + + .     Faith    .   b - +0 leather armour
rPois    +         Spirit   .   c - +0 helmet
rElec    .         Reflect  .   q - scarf {repulsion}
rCorr    .         Harm     .   (no gloves)
MR       .....                  (no boots)
Stlth    ++........             (no amulet)
HPRegen  0.05/turn              (no ring)
MPRegen  0.09/turn              (no ring)

@: regenerating slowly, heavily drained, repel missiles
A: fangs 3, see invisible, unbreathing
a: Bat Form


You were on level 4 of the Dungeon.
You were near bloodless.

You visited 1 branch of the dungeon, and saw 4 of its levels.

You collected 137 gold pieces.

Inventory:

Hand Weapons
 a - a +0 rapier (weapon)
Missiles
 d - 3 throwing nets (quivered)
Armour
 b - a +0 leather armour (worn)
 c - a +0 helmet (worn)
 q - a scarf of repulsion (worn)
Wands
 t - a wand of iceblast (9)
Scrolls
 h - 5 scrolls of enchant armour {unknown}
 k - 3 scrolls of identify {unknown}
 n - a scroll of blinking {unknown}
 o - a scroll of fear {unknown}
 r - 2 scrolls of amnesia {unknown}
 s - 2 scrolls of teleportation {unknown}
 u - a scroll of fog {unknown}
Potions
 e - 18 potions of blood
 f - a potion of heal wounds {unknown}
 g - a potion of curing {unknown}
 i - a potion of berserk rage {unknown}
 j - a potion of haste
 l - a potion of might {unknown}
 m - a potion of agility {unknown}
 p - a potion of ambrosia {unknown}


   Skills:
 - Level 1.7(0.3) Fighting
 * Level 5.4(3.8) Short Blades
 - Level 1.5(0.1) Throwing
 + Level 4.4(2.8) Dodging


You had 3 spell levels left.
You didn't know any spells.
Your spell library contained the following spells:

 Spells                   Type           Power        Failure   Level  Hunger
 Beastly Appendage        Tmut           #.....       43%         1    ##.....
 Sticks to Snakes         Tmut           #.......     58%         2    ###....
 Spider Form              Tmut/Pois      #.........   82%         3    ####...
 Ice Form                 Ice/Tmut       #.......     99%         4    #####..
 Blade Hands              Tmut           #.........   100%        5    ######.


Dungeon Overview and Level Annotations

Branches:
Dungeon (4/15)
 Temple: D:4-7

Altars:
Hepliaklqana
Zin
The Shining One


Innate Abilities, Weirdness & Mutations

You heal slowly.
You have razor-sharp teeth.
You have supernaturally acute eyesight. (SInv)
You can survive without breathing.


Message History

You hit the orc priest.
The orc priest is severely wounded.
The orc wizard hits you but does no damage.
The orc misses you. The orc hits you with a +0 flail.
The orc priest barely misses you.
You hit the orc priest.
The orc priest is almost dead.
The orc wizard barely misses you. The orc hits you with a +0 short sword.
* * * LOW HITPOINT WARNING * * *
The orc priest closely misses you. The orc closely misses you.
The orc wizard misses you. The orc hits you with a +0 short sword.
* * * LOW HITPOINT WARNING * * *
You closely miss the orc priest. Your bite misses the orc priest.
The orc priest is almost dead.
The orc priest barely misses you. The orc hits you but does no damage.
The orc wizard closely misses you.
You barely miss the orc priest.
The orc priest is almost dead.
The orc hits you with a +0 flail!
You die...

#.. #### ##.. ..... ....
..#.. #..# .........#
..#...#..# .....oooo##
###### ######@o.##
.....# ###.........##
.....# ##............#
.....###..........(.....
.....................#..
....................## .
.###...#####.....$.## .#
##..# ####....# ## #...#
##..##


You could see an orc priest, an orc wizard and 3 orcs.

Vanquished Creatures
  5 adders
  A dart slug (D:3)
  2 leopard geckos (D:3)
  A ball python (D:4)
  11 bats
  7 giant cockroaches
  8 goblins
  8 hobgoblins
  10 jackals
  3 frilled lizards
  7 kobolds
  4 rats
  A bush (D:1)
  A plant (D:1)
69 creatures vanquished.

Notes
Turn   | Place    | Note
-------+----------+-------------------------------------------
     0 | D:1      | Holzbalken the Vampire Gladiator began the quest for the
                  | Orb.
     0 | D:1      | Reached XP level 1. HP: 16/16 MP: 1/1
    82 | D:1      | Reached XP level 2. HP: 16/22 MP: 2/2
   164 | D:1      | Reached skill level 4 in Short Blades
   848 | D:1      | Reached XP level 3. HP: 27/27 MP: 3/3
  1310 | D:2      | Found a hazy altar of Hepliaklqana.
  1339 | D:2      | Found a faded altar of an unknown god.
  1995 | D:2      | Reached XP level 4. HP: 33/33 MP: 4/4
  2223 | D:2      | Reached skill level 5 in Short Blades
  2685 | D:3      | Found a glowing golden altar of the Shining One.
  3795 | D:3      | Found a glowing silver altar of Zin.
  3925 | D:4      | Slain by an orc

Vault maps used:
D:1:      dpeg_arrival_radiant, serial_forest, infiniplex_forest_clump_medium,
          infiniplex_forest_zigzag_1, infiniplex_forest_zigzag_1,
          infiniplex_forest_end_3, infiniplex_forest_lined_2,
          infiniplex_forest_clump_cross, infiniplex_forest_lined_2,
          infiniplex_forest_clump_small, st_stairs_14
D:2:      marbit_many_paths, chequers_ecumenical_altar_simple_redux
D:3:      tso_oasis_becter, zin_treasury
D:4:      lemuel_coloured_pillars_altar, gammafunk_temple_overflow_statue,
          ebering_ghost_rock_garden, first_ration, portal_sewer_entry_e

Skill      XL: |  1  2  3  4 |
---------------+-------------+-----
Short Blades   | 4 5 |  5.4
Dodging        | 4 |  4.4
Fighting       | |  1.7
Throwing       | |  1.5

Action                   |  1- 3 |  4- 6 || total
-------------------------+-------+-------++-------
Melee: Rapier            |   315 |    78 ||   393
       Bite              |    42 |     8 ||    50
  Use: Potion            |       |     3 ||     3
 Stab: Sleeping          |     9 |    10 ||    19
Armor: Leather armour    |    47 |    19 ||    66
Dodge: Dodged            |   101 |    75 ||   176
       Deflected         |       |     2 ||     2

Table legend:
 A = Non-vault XP
 B = Vault XP
 C = Vault XP percentage of total XP
 D = Non-vault monster count
 E = Vault monster count
 F = Vault count percentage of total count
                 A         B        C        D         E       F
            +---------+---------+-------+---------+---------+-------
      Total |     175 |       4 |   2.2 |      65 |       2 |   3.0
            +---------+---------+-------+---------+---------+-------
        D:1 |      45 |       2 |   4.3 |      25 |       1 |   3.8
        D:2 |      74 |       2 |   2.6 |      23 |       1 |   4.2
        D:3 |      54 |       0 |   0.0 |      16 |       0 |   0.0
        D:4 |       2 |       0 |   0.0 |       1 |       0 |   0.0
            +---------+---------+-------+---------+---------+-------
